 Dungeon Crawl Stone Soup version 0.19.1-1-g22dce08 (webtiles) character file.

103 HessuHobo the Grave Robber (level 4, -7/30 HPs)
             Began as a Mummy Necromancer on Dec 29, 2016.
             Mangled by eXcel's ghost (8 damage)
             ... on level 3 of the Dungeon.
             The game lasted 00:28:47 (3395 turns).

HessuHobo the Grave Robber (Mummy Necromancer)      Turns: 3395, Time: 00:28:47

Health: -7/30      AC:  5    Str: 11    XL:     4   Next: 51%
Magic:  8/8        EV: 12    Int: 15    God:
Gold:   171        SH:  0    Dex: 12    Spells: 4 memorised, 0 levels left

rFire  x . .     SeeInvis .     d - +3 spear
rCold  + . .     Gourm    .     a - +0 robe
rNeg   + + +     Faith    .     (no shield)
rPois  ∞         Spirit   .     (no helmet)
rElec  .         Reflect  .     h - +1 cloak
rCorr  .         Harm     .     e - +0 pair of gloves
MR     .....                    (no boots)
Stlth  ++........               (no amulet)
                                (no ring)
                                (no ring)

@: no status effects
A: no food or potions, fire vulnerability, cold resistance 1, negative energy
resistance 3, torment resistance, unbreathing
a: no special abilities


You were on level 3 of the Dungeon.
You were not hungry.

You visited 1 branch of the dungeon, and saw 3 of its levels.

You collected 171 gold pieces.

Inventory:

Hand Weapons
 d - a +3 spear (weapon)
 n - a cursed -1 hand axe
Armour
 a - a +0 robe (worn)
 e - a +0 pair of gloves (worn)
 h - a +1 cloak (worn)
Jewellery
 m - a +3 ring of intelligence {unknown}
Scrolls
 f - a scroll of random uselessness
 i - a scroll of recharging
Books
 b - a book of Necromancy

   Spells                             Type                      Level
   a - Pain                           Necromancy                   1
   b - Animate Skeleton               Necromancy                   1
   c - Vampiric Draining              Necromancy                   3
   d - Regeneration                   Charms/Necromancy            3
   e - Animate Dead                   Necromancy                   4
   f - Control Undead                 Necromancy                   4


   Skills:
 - Level 1.5 Dodging
 - Level 1.5 Stealth
 + Level 3.1 Spellcasting
 * Level 5.3 Necromancy


You couldn't memorise any spells.
You knew the following spells:

 Your Spells              Type           Power        Failure   Level  Hunger
a - Pain                  Necr           ###.         1%          1    N/A
b - Animate Skeleton      Necr           N/A          1%          1    N/A
c - Vampiric Draining     Necr           ###.......   10%         3    N/A
d - Animate Dead          Necr           N/A          24%         4    N/A

Dungeon Overview and Level Annotations

Branches:
Dungeon (3/15)

Altars:

Annotations:
D:3 eXcel's ghost, amateur CeHu


Innate Abilities, Weirdness & Mutations

You do not eat or drink.
Your flesh is vulnerable to fire.
You are immune to poison.
Your flesh is cold resistant. (rC+)
You are immune to negative energy. (rN+++)
You are immune to unholy pain and torment.
You can survive without breathing.


Message History

EXcel's ghost hits your rat skeleton.
Your rat skeleton is destroyed!
Casting: Animate Skeleton
Confirm with . or Enter, or press ? or * to list all spells.
You can't see any susceptible monsters within range! (Use Z to cast anyway.)
Casting: Animate Skeleton
Confirm with . or Enter, or press ? or * to list all spells.
You can't see any susceptible monsters within range! (Use Z to cast anyway.)
Casting: Animate Skeleton
Confirm with . or Enter, or press ? or * to list all spells.
Aiming: Vampiric Draining
Press: ? - help, Shift-Dir - straight line, f - eXcel's ghost
Aim: eXcel's ghost (lightly damaged)
You can't drain life from that!
EXcel's ghost hits you!
* * * LOW HITPOINT WARNING * * *
Okay, then.
EXcel's ghost hits you but does no damage.
EXcel's ghost hits you!
You die...

.#..##.#.#........##.#.§Z§§§....#
.......W.#.Z##.......#.§§§§§....#
.#..##.###.....#........§§§#....#
....##Z#.#.#.#.#........§.......#
(......#.....#.#...........####.#
...............##..........$.. #
#####..#.#..#.###.############ #
#...#.......W...# #
##...#.......#@..# #
(..........#.#...#
.......#...#.....#
.....#.#...##....#
#.#.#........># .....#..#.....###
#.#..#........#.#
#.#..##<..#.%...#
#.#...........#.#


You could see eXcel's ghost.

Vanquished Creatures
  3 adders
  A gnoll (D:1)
  3 worms
  3 dart slugs
  3 leopard geckos
  3 goblins
  6 hobgoblins
  4 jackals (D:2)
  2 quokkas
  A ball python (D:2)
  5 bats
  2 frilled lizards
  5 kobolds (D:2)
  11 rats
52 creatures vanquished.

Vanquished Creatures (collateral kills)
  A dart slug (D:2)
  A goblin (D:1)
  2 hobgoblins (D:1)
  A kobold (D:2)
5 creatures vanquished.

Grand Total: 57 creatures vanquished

Notes
Turn   | Place    | Note
-------+----------+-------------------------------------------
     0 | D:1      | HessuHobo the Mummy Necromancer began the quest for the Orb.
     0 | D:1      | Reached XP level 1. HP: 13/13 MP: 3/3
     2 | D:1      | Learned a level 1 spell: Animate Skeleton
   341 | D:1      | Reached XP level 2. HP: 19/19 MP: 3/5
  1153 | D:1      | Reached XP level 3. HP: 24/24 MP: 4/6
  1477 | D:2      | Learned a level 3 spell: Vampiric Draining
  2374 | D:2      | Reached XP level 4. HP: 18/30 MP: 1/8
  2497 | D:2      | Reached skill level 5 in Necromancy
  2807 | D:3      | Noticed eXcel's ghost (amateur CeHu)
  3362 | D:3      | Learned a level 4 spell: Animate Dead
  3388 | D:3      | HP: 1/30 [eXcel's ghost (7)]
  3395 | D:3      | Mangled by eXcel's ghost

Skill      XL: |  1  2  3  4 |
---------------+-------------+-----
Spellcasting   | 3 |  3.1
Necromancy     | 5 |  5.3
Dodging        | |  1.5
Stealth        | |  1.5

Action                   |  1- 3 |  4- 6 || total
-------------------------+-------+-------++-------
Melee: Spear             |    27 |     3 ||    30
 Cast: Pain              |    77 |    42 ||   119
       Animate Skeleton  |    18 |     5 ||    23
  Use: Scroll            |       |     9 ||     9
Armor: Robe              |    11 |     2 ||    13
Dodge: Dodged            |    34 |    12 ||    46
